 Dungeon Crawl Stone Soup version 0.30-a0-509-gd016549fea (webtiles) character file.

Game seed: 14933549931932034321

54 Crownlay the Trooper (level 3, -7/30 HPs)
             Began as a Demonspawn Fighter on Dec 22, 2022.
             Mangled by an ogre
             ... wielding a +0 giant spiked club
              (20 damage)
             ... on level 4 of the Dungeon.
             The game lasted 00:02:23 (1079 turns).

Crownlay the Trooper (Demonspawn Fighter)           Turns: 1079, Time: 00:02:24

Health: -7/30      AC:  9    Str: 22    XL:     3   Next: 66%
Magic:  0/3        EV:  9    Int: 12    God:
Gold:   63         SH:  4    Dex: 12    Spells: 2/2 levels left

rFire   + . .      SeeInvis .    a - +0 war axe
rCold   . . .      Faith    .    c - +0 buckler
rNeg    . . .      Spirit   +    b - +0 scale mail
rPois   .          Reflect  .    (helmet restricted)
rElec   .          Harm     .    e - +0 cloak
rCorr   .          Rampage  .    (no gloves)
Will    .....                    g - +0 pair of boots
Stlth   ..........               h - amulet of the Queen {Spirit rF+ Str+4 Int+3}
HPRegen 0.25/turn                (no ring)
MPRegen 0.08/turn                (no ring)

@: no status effects
A: antennae 1, powered by death 1
a: no special abilities


You were on level 4 of the Dungeon.
You visited 1 branch of the dungeon, and saw 3 of its levels.

You collected 63 gold pieces.

Inventory:

Hand Weapons
 a - a +0 war axe (weapon)
Armour
 b - a +0 scale mail (worn)
 c - a +0 buckler (worn)
 e - a +0 cloak (worn)
 g - a +0 pair of boots (worn)
Jewellery
 h - the amulet of the Queen (around neck) {Spirit rF+ Str+4 Int+3}
   (You found it on level 4 of the Dungeon)

   [amulet of guardian spirit]

   It causes incoming damage to be divided between your reserves of health and
   magic.
   Str:       It affects your strength (+4).
   Int:       It affects your intelligence (+3).
   rF:        It protects you from fire.
Scrolls
 f - a scroll of teleportation {unknown}
Potions
 d - a potion of might
 i - a potion of flight {unknown}


   Skills:
 * Level 3.7 Fighting
 + Level 2.3 Axes
 + Level 3.1 Armour
 + Level 3.0 Shields


You had 2 spell levels left.
You didn't know any spells.
Your spell library was empty.

Dungeon Overview and Level Annotations

Branches:
Dungeon (2/15)

Altars:
Ru


Innate Abilities, Weirdness & Mutations

You have a pair of small antennae on your head.
You regenerate a little health from kills.


Message History

An endoplasm comes into view.
The endoplasm quivers.
The endoplasm moves out of view.
You block the kobold's attack.
You barely miss the kobold. The kobold hits you but does no damage.
You block the kobold's attack.
You slash the kobold!
You kill the kobold!
You slash the endoplasm!
You kill the endoplasm!
No target in view!
No target in view!
No target in view!
You open the door.
A giant cockroach comes into view.
Found 4 stones.
An ogre comes into view. It is wielding a +0 giant spiked club.
There is an open door here.
You hit the giant cockroach.
You kill the giant cockroach!
You slash the ogre!
The ogre is moderately wounded.
The ogre hits you with a +0 giant spiked club!
Ouch! That really hurt!
You are too injured to fight recklessly!
You are too injured to fight recklessly!
You are too injured to fight recklessly!
You are too injured to fight recklessly!
You are too injured to fight recklessly!
You hit the ogre.
The ogre is moderately wounded.
The ogre barely misses you.
You hit the ogre.
The ogre is heavily wounded.
The ogre hits you with a +0 giant spiked club.
You slash the ogre!
The ogre is almost dead.
The ogre hits you with a +0 giant spiked club!!
Ouch! That really hurt!
You die...

... .....
###########.....#
................#
................#
........(.......+
................#
......O@........#
.........†......#
###############'#####.
#...................#
#...................#
#....)...^..........#
#...................#
#...................#
#...................#


You could see an ogre.

Vanquished Creatures
  2 dart slugs (D:1)
  4 bats
  7 endoplasms
  4 giant cockroaches
  3 goblins (D:1)
  4 hobgoblins
  2 jackals (D:2)
  A quokka (D:2)
  3 ball pythons (D:1)
  8 frilled lizards (D:1)
  6 kobolds
  A rat (D:1)
45 creatures vanquished.

Vanquished Creatures (others)
  4 demonic plants (D:1)
  2 plants (D:1)
  3 withered plants (D:1)
9 creatures vanquished.

Grand Total: 54 creatures vanquished

Notes
Turn   | Place    | Note
-------+----------+-------------------------------------------
     0 | D:1      | Crownlay the Demonspawn Fighter began the quest for the
                  | Orb.
     0 | D:1      | Reached XP level 1. HP: 18/18 MP: 1/1
    97 | D:1      | Gained mutation: You have a pair of small antennae on your
                  | head. [demonic ancestry]
    97 | D:1      | Reached XP level 2. HP: 24/24 MP: 2/2
   326 | D:1      | Found a faded altar of an unknown god.
   444 | D:1      | Gained mutation: You regenerate a little health from kills.
                  | [demonic ancestry]
   444 | D:1      | Reached XP level 3. HP: 26/29 MP: 3/3
   992 | D:2      | Found a sacrificial altar of Ru.
  1011 | D:2      | You fall into a shaft and drop 2 floors!
  1012 | D:4      | Identified the amulet of the Queen {Spirit rF+ Str+4 Int+3}
  1072 | D:4      | Noticed an ogre
  1079 | D:4      | Mangled by an ogre

Illustrated notes

Levels and vault maps discovered:
D:1:      amcnicky_arrival_gap_in_the_tavern_cellar, layout_loops_ring,
          shapermc_ecumenical_altar_gd, minivault_26, st_stairs_9,
          minmay_lizard_king
D:2:      layout_rooms, basic_altar
D:4:      layout_gridville, mainiacjoe_overflow_alcove_4

Skill      XL: |  1  2 |
---------------+-------+-----
Axes           | 2 |  2.3
Armour         | 3 |  3.1
Shields        | 3 |  3.0
Fighting       | |  3.7

Action                   || total
-------------------------++-------
Melee: War axe           ||   127
Armor: Scale mail        ||    85
Dodge: Dodged            ||    59
Block: Buckler           ||    37

Table legend: (Time is in decaauts)
 A = Elapsed time spent in this place.
 B = Non-inter-level travel time spent in this place.
 C = Inter-level travel time spent in this place.
 D = Time resting spent in this place.
 E = Time spent auto-exploring this place.
 F = Levels seen in this place.
 G = Mean time per level.
                   A        B        C        D        E       F      G
               +--------+--------+--------+--------+--------+-----+--------+
         Total |   1134 |   1099 |     35 |      0 |    772 |   3 |  378.0 |
       Dungeon |   1134 |   1099 |     35 |      0 |    772 |   3 |  378.0 |
               +--------+--------+--------+--------+--------+-----+--------+

Top non-repeatable levels by time:
     D:1: 903 daAuts
     D:2: 159 daAuts
     D:4: 71 daAuts
